 Dungeon Crawl Stone Soup version 0.30-a0-1094-g860fb061e7 (webtiles) character file.

Game seed: 8162249020749843305

375 Kauriferous the Chopper (level 6, -1/56 HPs)
             Began as a Minotaur Fighter on Apr 17, 2023.
             Slain by Edmund
             ... wielding a +0 heavy dire flail
              (13 damage)
             ... on level 4 of the Dungeon.
             The game lasted 00:08:00 (3263 turns).

Kauriferous the Chopper (Minotaur Fighter)          Turns: 3263, Time: 00:08:01

Health: -1/56      AC:  9    Str: 22    XL:     6   Next: 44%
Magic:  5/5        EV:  9    Int:  5    God:
Gold:   302        SH:  5    Dex: 10    Spells: 5/5 levels left

rFire   . . .      SeeInvis .    a - +0 war axe
rCold   . . .      Faith    .    c - +0 buckler
rNeg    . . .      Spirit   .    b - +0 scale mail
rPois   .          Reflect  .    (helmet restricted)
rElec   .          Rampage  .    d - +0 cloak
rCorr   .                        t - +0 pair of gloves
Will    .....                    (no boots) Stlth
                                 (no amulet)
HPRegen 0.29/turn                g - ring of flight
MPRegen 0.09/turn                (no ring)

@: flying
A: horns 2, retaliatory headbutt
a: no special abilities


You were on level 4 of the Dungeon.
You visited 1 branch of the dungeon, and saw 4 of its levels.

You collected 302 gold pieces.

Inventory:

Hand Weapons
 a - a +0 war axe (weapon)
Armour
 b - a +0 scale mail (worn)
 c - a +0 buckler (worn)
 d - a +0 cloak (worn)
 t - a +0 pair of gloves (worn)
 u - a scarf of invisibility
Jewellery
 g - a ring of flight (left hand)
Scrolls
 i - 5 scrolls of identify {unknown}
 j - a scroll of teleportation {unknown}
 l - a scroll of magic mapping {unknown}
 m - a scroll of amnesia {unknown}
 o - 2 scrolls of fog {unknown}
 q - a scroll of noise {unknown}
 r - a scroll of immolation {unknown}
 v - a scroll of fear {unknown}
Potions
 e - a potion of attraction {unknown}
 f - a potion of flight {unknown}
 h - 3 potions of heal wounds {unknown}
 k - 2 potions of curing {unknown}
 n - 2 potions of lignification
 p - a potion of mutation {unknown}
 s - a potion of berserk rage {unknown}


   Skills:
 + Level 5.1 Fighting
 * Level 5.4 Axes
 + Level 5.1 Armour
 + Level 5.1 Shields


You had 5 spell levels left.
You didn't know any spells.
Your spell library contained the following spells:

 Spells                   Type           Power      Damage    Failure   Level
 Summon Small Mammal      Summ           0%         N/A       86%         1
 Call Canine Familiar     Summ           0%         N/A       99%         3
 Summon Guardian Golem    Hex/Summ       0%         N/A       99%         3


Dungeon Overview and Level Annotations

Branches:
Dungeon (4/15)
 Temple: D:4-7

Altars:
Ashenzari

Annotations:
D:3 Grinder
D:4 Edmund


Innate Abilities, Weirdness & Mutations

You have a pair of horns on your head.
You reflexively headbutt those who attack you in melee.


Message History

You block Edmund's attack.
You hit Edmund but do no damage.
Edmund is lightly wounded.
Edmund barely misses you.
You closely miss Edmund.
Edmund is lightly wounded.
You hit Edmund.
Edmund is lightly wounded.
Edmund hits you with a +0 heavy dire flail.
You hit Edmund but do no damage.
Edmund is lightly wounded.
Edmund misses you.
You hit Edmund.
Edmund is moderately wounded.
Edmund closely misses you.
You barely miss Edmund. You headbutt Edmund.
Edmund is moderately wounded.
Edmund hits you with a +0 heavy dire flail!
You slash Edmund! Your headbutt misses Edmund.
Edmund is heavily wounded.
You block Edmund's attack.
You barely miss Edmund.
Edmund is heavily wounded.
You hit Edmund.
Edmund is severely wounded.
Edmund barely misses you.
You hit Edmund. Your headbutt misses Edmund.
Edmund is severely wounded.
Edmund hits you with a +0 heavy dire flail!
You barely miss Edmund. You headbutt Edmund, but do no damage.
Edmund is severely wounded.
Edmund hits you with a +0 heavy dire flail!
* * * LOW HITPOINT WARNING * * *
You closely miss Edmund.
Edmund is severely wounded.
Edmund closely misses you.
You hit Edmund. You headbutt Edmund, but do no damage.
Edmund is severely wounded.
Edmund hits you with a +0 heavy dire flail!
You die...

###..####.# #. #.#.>
...... ..# . #.# #.#.#
#...###.## . ...##.#.#
#.#.##.<.###.
....#.#.####............
...............##...###.
....#...####.#.###.###..
.......@.....#.# #......
#..@######.# ####...
#...).# #.# ##.#..
##.)#.####.####.#...
#..#..............#
#......>###.####.##
#.#####.# #.####.## #.
#.# #......## ##
#.###..###### #......# #


You could see Edmund.

Vanquished Creatures
  Duvessa (D:4)
  A phantom (D:4)
  Dowan (D:4)
  Crazy Yiuf (D:3)
  Natasha (D:3)
  A gnoll (D:1)
  2 adders (D:2)
  2 worms (D:2)
  4 dart slugs
  5 bats
  5 endoplasms
  2 giant cockroaches (D:1)
  3 goblins
  6 hobgoblins
  4 jackals (D:1)
  2 quokkas
  7 ball pythons
  3 frilled lizards (D:1)
  7 kobolds
  4 rats
62 creatures vanquished.

Vanquished Creatures (others)
  3 fungi (D:3)
  3 toadstools (D:3)
6 creatures vanquished.

Grand Total: 68 creatures vanquished

Notes
Turn   | Place    | Note
-------+----------+-------------------------------------------
     0 | D:1      | Kauriferous the Minotaur Fighter began the quest for the
                  | Orb.
     0 | D:1      | Reached XP level 1. HP: 19/19 MP: 0/0
   265 | D:1      | Reached XP level 2. HP: 27/27 MP: 1/1
   647 | D:1      | Reached XP level 3. HP: 33/33 MP: 2/2
  1231 | D:2      | Reached XP level 4. HP: 36/40 MP: 3/3
  1986 | D:3      | Noticed Natasha
  2406 | D:3      | Found a runed translucent door.
  2407 | D:3      | Noticed Crazy Yiuf
  2417 | D:3      | Killed Crazy Yiuf
  2627 | D:3      | Found a broken altar of Ashenzari.
  2721 | D:3      | Noticed Grinder
  2974 | D:3      | Killed Natasha
  2975 | D:3      | Reached XP level 5. HP: 15/47 MP: 4/4
  3153 | D:4      | Noticed a phantom
  3156 | D:4      | Noticed Duvessa
  3160 | D:4      | Killed a phantom
  3165 | D:4      | Noticed Dowan
  3173 | D:4      | Killed Duvessa
  3174 | D:4      | Reached skill level 5 in Fighting
  3174 | D:4      | Reached skill level 5 in Axes
  3174 | D:4      | Reached skill level 5 in Armour
  3174 | D:4      | Reached skill level 5 in Shields
  3174 | D:4      | Reached XP level 6. HP: 45/56 MP: 5/5
  3184 | D:4      | Killed Dowan
  3246 | D:4      | Noticed Edmund
  3263 | D:4      | Slain by Edmund

Illustrated notes

Levels and vault maps discovered:
D:1:      dpeg_arrival_circle_labyrinth_b, layout_basic
D:2:      layout_basic
D:3:      layout_loops_ring, lemuel_doored_altar, hangedman_feature_mirror,
          ebering_dispersal_statue_hall, minmay_gold_behind_fungi, uniq_grinder,
          uniq_crazy_yiuf_cottage, uniq_natasha
D:4:      layout_loops_ring, fedhas_altar_decomposition, temple_fountains,
          uniq_edmund, uniq_duvessa

Skill      XL: |  1  2  3  4  5 |
---------------+----------------+-----
Axes           | 3 4 5 |  5.4
Fighting       | 4 5 |  5.1
Armour         | 4 5 |  5.1
Shields        | 4 5 |  5.1

Action                     |  1- 3 |  4- 6 || total
---------------------------+-------+-------++-------
  Melee: War axe           |    77 |    92 ||   169
         Headbutt          |    12 |     5 ||    17
    Use: Potion            |       |     2 ||     2
 Armour: Scale mail        |    39 |    17 ||    56
         Skin              |       |    14 ||    14
  Dodge: Dodged            |    48 |    24 ||    72
  Block: Buckler           |    11 |    16 ||    27

Table legend: (Time is in decaauts)
 A = Elapsed time spent in this place.
 B = Non-inter-level travel time spent in this place.
 C = Inter-level travel time spent in this place.
 D = Time resting spent in this place.
 E = Time spent auto-exploring this place.
 F = Levels seen in this place.
 G = Mean time per level.
                   A        B        C        D        E       F      G
               +--------+--------+--------+--------+--------+-----+--------+
         Total |   3321 |   3043 |    278 |    602 |   1827 |   4 |  830.2 |
       Dungeon |   3321 |   3043 |    278 |    602 |   1827 |   4 |  830.2 |
               +--------+--------+--------+--------+--------+-----+--------+

Top non-repeatable levels by time:
     D:2: 1272 daAuts
     D:1: 1144 daAuts
     D:3: 725 daAuts
     D:4: 179 daAuts
